 Dungeon Crawl Stone Soup version 0.23.2-1-ga50397a (webtiles) character file.

Game seed: 6561964012618537104

16944 Kairos the Cruncher (level 12, -8/94 HPs)
             Began as a Formicid Fighter on Apr 16, 2019.
             Was a High Priest of Cheibriados.
             Mangled by a komodo dragon (23 damage)
             ... on level 1 of the Lair of Beasts.
             The game lasted 00:26:39 (10575 turns).

Kairos the Cruncher (Formicid Fighter)             Turns: 10575, Time: 00:26:40

Health: -8/94      AC: 16    Str: 44    XL:     12   Next: 76%
Magic:  11/16      EV: 15    Int: 21    God:    Cheibriados [*****.]
Gold:   574        SH: 16    Dex: 24    Spells: 11/11 levels left

rFire    . . .     SeeInvis +   a - +1 quarterstaff
rCold    + . .     Gourm    +   c - +0 shield
rNeg     . . .     Faith    .   t - +4 scale mail {rPois}
rPois    +         Spirit   .   (helmet unavailable)
rElec    +         Reflect  .   (no cloak)
rCorr    .         Harm     .   C - +1 pair of gloves
MR       +....                  (no boots)
Stlth    +.........             E - amulet of Virtue {Gourm +Blink rElec rC+}
HPRegen  0.25/turn              p - +2 ring of protection
MPRegen  0.15/turn              g - ring "Fiumimet" {*Tele Str+3}

@: very slow
A: permanent stasis, dig shafts and tunnels, four strong arms, antennae 3
a: Dig, Shaft Self, Bend Time, Temporal Distortion, Slouch, Step From Time,
Renounce Religion


You were on level 1 of the Lair of Beasts.
You worshipped Cheibriados.
Cheibriados was extremely pleased with you.
You were very full.

You visited 3 branches of the dungeon, and saw 13 of its levels.
You also visited: Sewer.

You collected 574 gold pieces.

Inventory:

Hand Weapons
 a - a +1 quarterstaff (weapon)
 u - a +2 trident of piercing
 w - a +0 arbalest
 G - a +0 mace
Missiles
 s - 5 javelins (quivered)
Armour
 c - a +0 shield (worn)
 l - +0 ice dragon scales
 t - a +4 scale mail of poison resistance (worn)
 y - +0 acid dragon scales
 C - a +1 pair of gloves (worn)
 O - the cursed +1 robe of Zaghiaryx {rF+++ Regen+ Slay+2 Stlth-}
   (You found it on level 11 of the Dungeon)

   It affects your accuracy and damage with ranged weapons and melee attacks
   (+2).
   It renders you almost immune to fire.
   It increases your rate of regeneration.
   It makes you less stealthy.
   It has a curse placed upon it.
Jewellery
 g - the ring "Fiumimet" (right hand) {*Tele Str+3}
   (You took it off an orc on level 8 of the Dungeon)

   [ring of teleportation]

   It may teleport you next to monsters.
   It affects your strength (+3).
 h - an uncursed ring of magical power
 i - an uncursed amulet of the acrobat
 p - a +2 ring of protection (left hand)
 B - an uncursed ring of stealth
 D - an uncursed amulet of magic regeneration
 E - the amulet of Virtue (around neck) {Gourm +Blink rElec rC+}
   (You took it off an orc warrior on level 8 of the Dungeon)

   [amulet of the gourmand]

   It allows you to eat raw meat even when not hungry.
   It protects you from cold.
   It insulates you from electricity.
   It lets you blink.
 F - the ring "Teppia" {rC+ Int+4}
   (You found it on level 8 of the Dungeon)

   [ring of protection from cold]

   It affects your intelligence (+4).
   It protects you from cold.
 H - an uncursed ring of poison resistance
 K - an uncursed ring of magical power
Wands
 k - a wand of disintegration (15)
 o - a wand of polymorph (6)
 v - a wand of acid (14)
 I - a wand of digging (5)
 M - a wand of iceblast (14)
Scrolls
 b - 2 scrolls of fear
 n - 4 scrolls of remove curse
 r - a scroll of immolation
 x - 2 scrolls of fog
 z - a scroll of enchant armour
 A - a scroll of magic mapping
Potions
 d - 6 potions of might
 j - a potion of cancellation
 m - 5 potions of curing
 q - 2 potions of brilliance
 J - 2 potions of flight
 L - a potion of heal wounds
 N - a potion of agility
Comestibles
 f - 22 rations


   Skills:
 + Level 8.4 Fighting
 + Level 12.3 Staves
 + Level 8.2 Armour
 + Level 4.4 Dodging
 + Level 2.7 Stealth
 + Level 12.2 Shields
 + Level 5.4 Invocations


You had 11 spell levels left.
You didn't know any spells.
Your spell library was empty.

Dungeon Overview and Level Annotations

Branches:
Dungeon (11/15)            Temple (1/1) D:5            Lair (1/6) D:11
    Orc: D:9-12

Altars:
Ashenzari
Cheibriados
Dithmenos
Elyvilon
Fedhas
Gozag
Hepliaklqana
Kikubaaqudgha
Makhleb
Nemelex Xobeh
Okawaru
Qazlal
Ru
Sif Muna
Trog
Uskayaw
Vehumet
Wu Jian
Xom
Yredelemnul
Zin
The Shining One

Shops:
D:8 (

Annotations:
D:7 1 runed translucent door, bmj180's ghost, novice HOAK
D:8 2 runed translucent doors


Innate Abilities, Weirdness & Mutations

You cannot be hasted, slowed, berserked, paralysed or teleported.
You can dig through walls and to a lower floor.
Your four strong arms can wield two-handed weapons with a shield.
You have a pair of large antennae on your head. (SInv)


Message History

Cheibriados appreciates the change of pace.
You sock the komodo dragon!
The komodo dragon is moderately wounded.
The komodo dragon bites you!!
* * * LOW HITPOINT WARNING * * *
Unknown command.
You hit the komodo dragon.
The komodo dragon is heavily wounded.
The flow of time bends around you.
The komodo dragon resists with some effort.
You feel slightly less full.
The komodo dragon bites you but does no damage.
Your scale mail prevents you from hitting the komodo dragon.
The komodo dragon is heavily wounded.
The komodo dragon bites you!
* * * LOW HITPOINT WARNING * * *
You hit the komodo dragon.
The komodo dragon is heavily wounded.
The komodo dragon bites you!!
You die...

## ##.# #...#
#... ### .
#..##@# ##...
#..#l#...#
#......#
##..####
####...##
#P.....<#
#...............
#.#.............
. ##............


You could see a komodo dragon.

Vanquished Creatures
  A hydra (Lair:1)
  An ice dragon (D:8)
  2 two-headed ogres
  2 unseen horrors
  An ugly thing (D:8)
  2 cyclopes (D:8)
  A gargoyle (D:8)
  2 polar bears (D:11)
  A troll (D:11)
  2 hornets
  2 hippogriffs (D:11)
  14 yaks
  A vampire (D:9)
  A wraith (D:10)
  3 wyverns
  A yak (shapeshifter) (D:9)
  2 hungry ghosts
  Edmund (D:4)
  An acid dragon (D:10)
  Duvessa (D:4)
  A water moccasin (D:9)
  An eye of draining (D:10)
  A hornet zombie (D:10)
  6 orc warriors
  3 ice beasts
  5 phantoms
  3 sky beasts
  2 black bears
  2 necrophages (D:10)
  6 ogres
  4 centaurs
  A big kobold (D:8)
  10 bullfrogs
  Dowan (D:4)
  A wyvern skeleton (D:10)
  2 scorpions
  16 killer bees
  6 wights (D:8)
  6 crimson imps
  A bullfrog zombie (D:11)
  5 howler monkeys
  6 hounds
  11 orc wizards
  A bullfrog skeleton (D:5)
  4 orc priests
  3 centaur skeletons
  3 iguanas
  10 worker ants
  A hound skeleton (D:7)
  A worker ant zombie (D:5)
  7 gnolls
  A howler monkey skeleton (D:5)
  18 adders
  3 shadow imps
  An ooze (D:1)
  3 adder skeletons
  3 worms
  3 dart slugs (D:2)
  6 leopard geckos
  38 orcs
  6 ball pythons
  8 bats
  11 giant cockroaches
  4 goblins
  7 hobgoblins
  11 jackals
  2 quokkas
  7 frilled lizards
  A jackal skeleton (D:7)
  A jackal zombie (D:8)
  10 kobolds
  A leopard gecko skeleton (D:5)
  A quokka zombie (D:8)
  6 rats
324 creatures vanquished.

Notes
Turn   | Place    | Note
-------+----------+-------------------------------------------
     0 | D:1      | Kairos the Formicid Fighter began the quest for the Orb.
     0 | D:1      | Reached XP level 1. HP: 18/18 MP: 1/1
   245 | D:1      | Reached XP level 2. HP: 10/24 MP: 1/2
   446 | D:1      | Reached XP level 3. HP: 21/29 MP: 3/3
   964 | D:2      | Reached XP level 4. HP: 25/37 MP: 4/4
  1535 | D:2      | Reached XP level 5. HP: 41/42 MP: 5/5
  1816 | D:2      | Found a snail-covered altar of Cheibriados.
  1827 | D:2      | Became a worshipper of Cheibriados the Contemplative
  2135 | D:3      | Reached skill level 1 in Dodging
  2207 | D:3      | Found a glowing drain.
  2221 | Sewer    | Entered a sewer
  2241 | Sewer    | Reached * piety under Cheibriados
  2265 | Sewer    | Reached XP level 6. HP: 47/48 MP: 6/6
  2827 | D:3      | Reached ** piety under Cheibriados
  3177 | D:4      | Noticed Edmund
  3202 | D:4      | Killed Edmund
  3202 | D:4      | Reached XP level 7. HP: 50/54 MP: 7/7
  3280 | D:4      | Found a blossoming altar of Fedhas.
  3322 | D:4      | Noticed Dowan
  3344 | D:4      | Noticed Duvessa
  3359 | D:4      | Killed Duvessa
  3359 | D:4      | Reached skill level 5 in Staves
  3359 | D:4      | Reached skill level 5 in Shields
  3365 | D:4      | Killed Dowan
  3830 | D:5      | Entered Level 5 of the Dungeon
  3856 | D:5      | Reached skill level 5 in Armour
  3856 | D:5      | Reached XP level 8. HP: 55/61 MP: 8/8
  3996 | D:5      | Reached skill level 5 in Fighting
  4270 | D:5      | Found a staircase to the Ecumenical Temple.
  4280 | D:5      | Reached skill level 1 in Invocations
  4451 | Temple   | Entered the Ecumenical Temple
  4588 | D:6      | Reached XP level 9. HP: 62/68 MP: 10/10
  4748 | D:6      | Found an ornate altar of the Wu Jian Council.
  4781 | D:6      | You fall through a shaft for 2 floors!
  4781 | D:8      | Found Vaeb Cea's Antique Weapon Boutique.
  4810 | D:7      | Reached *** piety under Cheibriados
  5476 | D:6      | Found a stormy altar of Qazlal.
  5477 | D:6      | Found a shadowy altar of Dithmenos.
  5478 | D:6      | Found a bloodstained altar of Trog.
  5480 | D:6      | Found a glowing golden altar of the Shining One.
  5666 | D:7      | Found a runed translucent door.
  5666 | D:7      | Noticed bmj180's ghost (novice HOAK)
  6019 | D:7      | Reached XP level 10. HP: 70/76 MP: 11/11
  6630 | D:8      | Reached **** piety under Cheibriados
  6718 | D:8      | Reached skill level 1 in Stealth
  7125 | D:8      | Found a runed translucent door.
  7125 | D:8      | Noticed a brown ugly thing
  7126 | D:8      | Noticed an ice dragon
  7233 | D:8      | Noticed a gargoyle
  7235 | D:8      | Noticed an unseen horror
  7242 | D:8      | Identified the amulet of Virtue {Gourm +Blink rElec rC+}
  7248 | D:8      | Killed a gargoyle
  7266 | D:8      | Noticed a cyclops
  7278 | D:8      | Killed a cyclops
  7411 | D:8      | Noticed a cyclops
  7418 | D:8      | Got a fine tin ring
  7420 | D:8      | Identified the ring "Teppia" {rC+ Int+4} (You found it on
                  | level 8 of the Dungeon)
  7423 | D:8      | Got a pitted jade ring
  7425 | D:8      | Identified the cursed ring "Morel" {AC-3 Dex+2} (You found
                  | it on level 8 of the Dungeon)
  7453 | D:8      | Found a runed translucent door.
  7454 | D:8      | Found a runed translucent door.
  7473 | D:8      | Killed a brown ugly thing
  7491 | D:8      | Killed an ice dragon
  7491 | D:8      | Reached skill level 10 in Shields
  7491 | D:8      | Reached XP level 11. HP: 41/83 MP: 3/14
  7509 | D:8      | Killed a cyclops
  7509 | D:8      | Reached skill level 10 in Staves
  7698 | D:8      | Identified the ring "Fiumimet" {*Tele Str+3}
  8090 | D:8      | Killed an unseen horror
  8207 | D:9      | Noticed a two-headed ogre
  8217 | D:9      | Killed a two-headed ogre
  8217 | D:9      | Reached skill level 5 in Invocations
  8499 | D:9      | Reached ***** piety under Cheibriados
  8610 | D:9      | Got a jewelled falchion
  8707 | D:9      | Identified the +8 falchion of Luxury {slice, +Blink +Rage
                  | Stlth+} (You found it on level 9 of the Dungeon)
  8745 | D:10     | Entered Level 10 of the Dungeon
  8935 | D:10     | Reached XP level 12. HP: 62/91 MP: 15/15
  9210 | D:10     | Noticed an unseen horror
  9226 | D:10     | Killed an unseen horror
  9731 | D:11     | Noticed a two-headed ogre
  9744 | D:11     | Killed a two-headed ogre
  9768 | D:11     | Identified the cursed +1 robe of Zaghiaryx {rF+++ Regen+
                  | Slay+2 Stlth-} (You found it on level 11 of the Dungeon)
 10028 | D:11     | Found a staircase to the Lair.
 10179 | D:11     | Found a bloodstained altar of Trog.
 10502 | D:11     | Identified the +2 buckler of Untruth {rF+ Str-4 Dex+5} (You
                  | found it on level 11 of the Dungeon)
 10557 | Lair:1   | Entered Level 1 of the Lair of Beasts
 10557 | Lair:1   | Noticed a six-headed hydra
 10570 | Lair:1   | Killed a six-headed hydra
 10575 | Lair:1   | Mangled by a komodo dragon

Skill      XL: |  1  2  3  4  5  6  7  8  9 10 11 12 |
---------------+-------------------------------------+-----
Staves         | 3 4 5 7 8 9 11 12 | 12.3
Fighting       | 4 5 6 7 8 |  8.4
Shields        | 4 5 6 8 10 11 12 | 12.2
Armour         | 4 5 6 7 8 |  8.2
Dodging        | 1 2 3 4 |  4.4
Invocations    | 1 4 5 |  5.4
Stealth        | 1 2 |  2.7

Action                   |  1- 3 |  4- 6 |  7- 9 | 10-12 || total
-------------------------+-------+-------+-------+-------++-------
Melee: Quarterstaff      |    79 |   219 |   367 |   816 ||  1481
Invok: Bend Time         |       |       |    10 |    34 ||    44
       Slouch            |       |       |       |     1 ||     1
 Abil: Dig               |     1 |     2 |       |    12 ||    15
Evoke: Wand              |       |       |       |     1 ||     1
  Use: Scroll            |     5 |       |     9 |     8 ||    22
       Potion            |     3 |     4 |       |     3 ||    10
 Stab: Sleeping          |       |       |       |     1 ||     1
  Eat: Chunk             |       |     7 |     6 |    20 ||    33
       Ration            |       |       |       |     2 ||     2
Armor: Scale mail        |    26 |    71 |   105 |   155 ||   357
       Chain mail        |       |     6 |    15 |       ||    21
Dodge: Dodged            |    34 |   139 |   143 |   271 ||   587
Block: Shield            |    38 |   159 |   241 |   487 ||   925
